[ AOE2 MATCH · #506184254 ]
UnrankedJapanese vs Britons
Player's team · LOSS
Rival team · WIN
[ REPLAY ANALYSIS · EXTRACTED FROM THE RECORDED GAME ]
Feudal
13:11
Castle
17:11
Imperial
39:18
| APM avg | 34.1 |
| APM peak | 122 |
| eAPM avg | 19.5 |
| Villagers / military | 112 / 129 |
Focus
⚔️ 23.8% · 🌾 76.2%
Skirmisher ×56 · Samurai ×35 · Cavalry Archer ×19 · Battering Ram ×14 · Fishing Ship ×10 · Monk ×3
Feudal
13:52
Castle
19:03
Imperial
33:27
| APM avg | 46.4 |
| APM peak | 81 |
| eAPM avg | 23.8 |
| Villagers / military | 158 / 117 |
Focus
⚔️ 45.5% · 🌾 54.5%
Archer ×79 · Fishing Ship ×12 · Skirmisher ×9 · Knight ×8 · Trebuchet (Packed) ×7 · Monk ×3
Match map
Initial resources + every placement click. Lines = walls · curves = elevation contours. ◆ gold · ⬟ stone · ● berries · ✦ relic · ◌ wall gap
Your base· Open — 11t gap
JoeSham's base· Open — 6t gap
Smoothed initial terrain · ◌ = detected wall gap · hover for details
Inputs per minute
— Scol1ng - - JoeSham
Build order — Scol1ng
First 150 of 362 actions detected
| 0:20 | Build | Town Center |
| 1:39 | Build | House |
| 1:40 | Build | House |
| 2:16 | Queue | Villager (Male) |
| 2:16 | Queue | Villager (Male) |
| 2:16 | Queue | Villager (Male) |
| 2:26 | Queue | Villager (Male) |
| 3:44 | Queue | Villager (Male) |
| 4:01 | Queue | Villager (Male) |
| 4:39 | Queue | Villager (Male) |
| 4:46 | Queue | Villager (Male) |
| 5:27 | Queue | Villager (Male) |
| 5:45 | Build | Dock |
| 5:48 | Queue | Villager (Male) |
| 6:03 | Queue | Villager (Male) |
| 6:38 | Queue | Villager (Male) |
| 6:42 | Build | House |
| 6:53 | Queue | Villager (Male) |
| 7:01 | Build | Mill |
| 7:06 | Queue | Fishing Ship |
| 7:08 | Build | House |
| 7:20 | Queue | Villager (Male) |
| 7:28 | Queue | Fishing Ship |
| 7:58 | Queue | Villager (Male) |
| 8:03 | Queue | Fishing Ship |
| 8:28 | Queue | Villager (Male) |
| 8:32 | Queue | Fishing Ship |
| 8:45 | Queue | Villager (Male) |
| 9:03 | Build | House |
| 9:04 | Build | House |
| 9:06 | Queue | Villager (Male) |
| 9:28 | Queue | Fishing Ship |
| 9:44 | Queue | Villager (Male) |
| 9:58 | Queue | Fishing Ship |
| 10:06 | Queue | Villager (Male) |
| 10:07 | Research | Loom |
| 10:36 | Research | Feudal Age |
| 10:44 | Queue | Fishing Ship |
| 11:13 | Build | Mill |
| 11:50 | Queue | Villager (Male) |
| 12:04 | Build | House |
| 12:05 | Build | House |
| 12:27 | Queue | Fishing Ship |
| 12:47 | Queue | Villager (Male) |
| 13:11 | Age | Feudal Age |
| 13:13 | Build | Market |
| 13:24 | Build | Blacksmith |
| 14:00 | Queue | Villager (Male) |
| 14:15 | Build | Mining Camp |
| 14:31 | Research | Castle Age |
| 14:48 | Build | Outpost |
| 15:07 | Research | Stone Mining |
| 15:22 | Build | Outpost |
| 15:24 | Research | Town Watch |
| 15:37 | Build | Lumber Camp |
| 15:49 | Research | Fletching |
| 16:24 | Queue | Villager (Male) |
| 17:11 | Age | Castle Age |
| 17:25 | Build | Castle |
| 17:43 | Build | Dock |
| 17:44 | Queue | Villager (Male) |
| 18:04 | Build | Mining Camp |
| 18:12 | Build | House |
| 18:15 | Queue | Villager (Male) |
| 18:22 | Research | Tech 906 |
| 18:40 | Queue | Villager (Male) |
| 18:54 | Build | Siege Workshop |
| 19:06 | Queue | Fishing Ship |
| 19:26 | Queue | Battering Ram |
| 20:02 | Build | Farm |
| 20:14 | Build | Farm |
| 20:24 | Queue | Villager (Male) |
| 20:30 | Queue | Samurai |
| 20:31 | Queue | Samurai |
| 20:36 | Build | Farm |
| 20:37 | Queue | Villager (Male) |
| 20:44 | Queue | Samurai |
| 20:52 | Build | Farm |
| 20:52 | Queue | Villager (Male) |
| 21:04 | Build | Farm |
| 21:22 | Queue | Villager (Male) |
| 21:23 | Queue | Battering Ram |
| 21:30 | Queue | Samurai |
| 21:40 | Research | Double-Bit Axe |
| 22:05 | Build | Farm |
| 22:05 | Queue | Villager (Male) |
| 22:18 | Queue | Samurai |
| 22:19 | Queue | Villager (Male) |
| 22:39 | Queue | Villager (Male) |
| 22:54 | Queue | Mangonel |
| 23:11 | Queue | Villager (Male) |
| 23:26 | Build | Lumber Camp |
| 23:49 | Queue | Villager (Male) |
| 23:55 | Queue | Fishing Ship |
| 24:06 | Queue | Samurai |
| 24:06 | Queue | Samurai |
| 24:15 | Queue | Villager (Male) |
| 24:18 | Research | Bow Saw |
| 24:23 | Queue | Samurai |
| 24:40 | Queue | Battering Ram |
| 24:49 | Queue | Villager (Male) |
| 24:58 | Queue | Villager (Male) |
| 25:00 | Queue | Samurai |
| 25:30 | Queue | Samurai |
| 25:30 | Queue | Samurai |
| 25:30 | Queue | Samurai |
| 25:39 | Queue | Villager (Male) |
| 25:46 | Build | Town Center |
| 26:03 | Queue | Villager (Male) |
| 26:39 | Build | Farm |
| 26:43 | Queue | Battering Ram |
| 27:19 | Research | Wheelbarrow |
| 27:19 | Queue | Villager (Male) |
| 27:21 | Build | Farm |
| 27:21 | Build | Farm |
| 27:21 | Build | Farm |
| 27:22 | Build | Farm |
| 27:22 | Build | Farm |
| 27:57 | Build | Dock |
| 27:59 | Queue | Villager (Male) |
| 28:07 | Queue | Samurai |
| 28:15 | Build | Farm |
| 28:27 | Research | Horse Collar |
| 28:29 | Build | Farm |
| 28:30 | Queue | Villager (Male) |
| 28:39 | Queue | Villager (Male) |
| 28:56 | Build | House |
| 28:57 | Build | House |
| 29:00 | Build | Monastery |
| 29:08 | Queue | Villager (Male) |
| 29:09 | Queue | Villager (Male) |
| 29:10 | Queue | Villager (Male) |
| 29:15 | Queue | Samurai |
| 29:15 | Queue | Samurai |
| 29:22 | Build | Farm |
| 29:33 | Queue | Villager (Male) |
| 29:43 | Queue | Villager (Male) |
| 29:47 | Build | Farm |
| 29:48 | Research | Scale Mail Armor |
| 30:09 | Queue | Villager (Male) |
| 30:14 | Queue | Villager (Male) |
| 30:16 | Build | Farm |
| 30:17 | Queue | Villager (Male) |
| 30:24 | Queue | Villager (Male) |
| 30:27 | Queue | Villager (Male) |
| 30:31 | Queue | Villager (Male) |
| 30:45 | Queue | Villager (Male) |
| 30:49 | Queue | Monk |
| 30:51 | Build | House |
| 30:51 | Build | House |
Build order — JoeSham
First 150 of 495 actions detected
| 0:28 | Build | House |
| 0:34 | Build | Town Center |
| 2:45 | Queue | Villager (Male) |
| 3:04 | Queue | Villager (Male) |
| 3:13 | Queue | Villager (Male) |
| 3:30 | Build | Dock |
| 3:36 | Queue | Villager (Male) |
| 4:13 | Queue | Fishing Ship |
| 4:29 | Queue | Villager (Male) |
| 4:40 | Build | House |
| 5:02 | Queue | Villager (Male) |
| 5:32 | Queue | Villager (Male) |
| 6:02 | Queue | Villager (Male) |
| 6:07 | Build | House |
| 6:21 | Queue | Villager (Male) |
| 6:56 | Queue | Villager (Male) |
| 6:58 | Queue | Fishing Ship |
| 7:05 | Build | House |
| 7:15 | Queue | Villager (Male) |
| 7:23 | Queue | Fishing Ship |
| 7:48 | Research | Loom |
| 8:06 | Queue | Villager (Male) |
| 8:08 | Queue | Fishing Ship |
| 8:16 | Queue | Villager (Male) |
| 8:34 | Queue | Fishing Ship |
| 8:43 | Queue | Villager (Male) |
| 8:55 | Queue | Villager (Male) |
| 9:11 | Build | Lumber Camp |
| 9:49 | Queue | Villager (Male) |
| 10:01 | Build | House |
| 10:24 | Queue | Villager (Male) |
| 10:49 | Queue | Villager (Male) |
| 11:02 | Queue | Fishing Ship |
| 11:10 | Build | Dock |
| 11:17 | Queue | Villager (Male) |
| 11:38 | Research | Feudal Age |
| 11:47 | Build | House |
| 12:05 | Queue | Fishing Ship |
| 12:15 | Queue | Fishing Ship |
| 12:17 | Queue | Fishing Ship |
| 12:27 | Build | Barracks |
| 12:44 | Queue | Villager (Male) |
| 12:47 | Build | House |
| 12:48 | Build | House |
| 12:50 | Build | House |
| 13:39 | Queue | Fishing Ship |
| 13:51 | Build | Palisade Wall |
| 13:52 | Age | Feudal Age |
| 13:52 | Build | Palisade Wall |
| 13:53 | Build | Palisade Wall |
| 13:58 | Research | Double-Bit Axe |
| 14:04 | Build | Archery Range |
| 14:09 | Queue | Villager (Male) |
| 14:20 | Queue | Villager (Male) |
| 14:23 | Build | Blacksmith |
| 14:27 | Queue | Villager (Male) |
| 14:48 | Queue | Fishing Ship |
| 14:52 | Queue | Villager (Male) |
| 14:58 | Build | House |
| 15:00 | Build | House |
| 15:01 | Build | House |
| 15:02 | Build | House |
| 15:05 | Build | Palisade Wall |
| 15:08 | Queue | Archer |
| 15:17 | Queue | Fishing Ship |
| 15:34 | Queue | Archer |
| 15:39 | Queue | Villager (Male) |
| 15:50 | Build | Mining Camp |
| 16:02 | Build | House |
| 16:23 | Research | Castle Age |
| 16:41 | Research | Gold Mining |
| 17:04 | Research | Fletching |
| 17:14 | Build | Mill |
| 17:27 | Queue | Archer |
| 17:31 | Queue | Villager (Male) |
| 17:34 | Research | Padded Archer Armor |
| 17:41 | Build | Archery Range |
| 17:48 | Queue | Archer |
| 18:05 | Queue | Archer |
| 18:11 | Build | House |
| 18:17 | Queue | Archer |
| 18:56 | Queue | Archer |
| 19:03 | Age | Castle Age |
| 19:11 | Build | Town Center |
| 19:14 | Research | Bodkin Arrow |
| 19:14 | Research | Crossbowman (upgrade) |
| 19:27 | Build | Town Center |
| 19:38 | Queue | Villager (Male) |
| 19:48 | Build | Siege Workshop |
| 19:52 | Queue | Archer |
| 19:54 | Queue | Villager (Male) |
| 20:10 | Queue | Archer |
| 20:18 | Queue | Villager (Male) |
| 20:25 | Research | Horse Collar |
| 20:29 | Queue | Archer |
| 20:31 | Queue | Villager (Male) |
| 20:40 | Queue | Archer |
| 21:00 | Queue | Archer |
| 21:03 | Queue | Villager (Male) |
| 21:18 | Queue | Villager (Male) |
| 21:18 | Queue | Villager (Male) |
| 21:28 | Queue | Villager (Male) |
| 21:32 | Queue | Archer |
| 21:32 | Queue | Villager (Male) |
| 21:45 | Queue | Mangonel |
| 21:48 | Queue | Villager (Male) |
| 21:49 | Queue | Villager (Male) |
| 21:56 | Queue | Archer |
| 21:57 | Queue | Villager (Male) |
| 21:57 | Queue | Villager (Male) |
| 22:04 | Build | Town Center |
| 22:09 | Queue | Archer |
| 22:11 | Queue | Villager (Male) |
| 22:18 | Build | House |
| 22:19 | Build | House |
| 22:22 | Build | House |
| 22:23 | Build | House |
| 22:35 | Queue | Villager (Male) |
| 22:39 | Queue | Archer |
| 23:25 | Queue | Archer |
| 23:43 | Queue | Villager (Male) |
| 23:47 | Queue | Villager (Male) |
| 23:48 | Queue | Villager (Male) |
| 23:49 | Queue | Villager (Male) |
| 23:54 | Queue | Mangonel |
| 23:59 | Queue | Villager (Male) |
| 24:03 | Queue | Villager (Male) |
| 24:03 | Queue | Villager (Male) |
| 24:03 | Queue | Villager (Male) |
| 24:12 | Queue | Villager (Male) |
| 24:25 | Queue | Villager (Male) |
| 24:25 | Queue | Villager (Male) |
| 24:29 | Queue | Villager (Male) |
| 24:43 | Queue | Archer |
| 24:53 | Queue | Villager (Male) |
| 24:53 | Queue | Villager (Male) |
| 24:54 | Queue | Villager (Male) |
| 24:54 | Queue | Villager (Male) |
| 25:01 | Build | House |
| 25:09 | Research | Town Watch |
| 25:21 | Queue | Villager (Male) |
| 25:21 | Queue | Villager (Male) |
| 25:27 | Build | House |
| 26:03 | Queue | Villager (Male) |
| 26:04 | Queue | Villager (Male) |
| 26:21 | Queue | Villager (Male) |
| 26:21 | Queue | Villager (Male) |
| 26:28 | Queue | Villager (Male) |
| 26:33 | Queue | Villager (Male) |
| 26:33 | Queue | Villager (Male) |
Match timeline
| 3:30 | JoeSham · first_building Dock |
| 5:45 | Scol1ng · first_building Dock |
| 12:27 | JoeSham · first_building Barracks |
| 13:11 | Scol1ng · age_up feudal |
| 13:51 | JoeSham · wall_segment Palisade Wall x1 |
| 13:52 | JoeSham · age_up feudal |
| 13:52 | JoeSham · wall_segment Palisade Wall x1 |
| 13:53 | JoeSham · wall_segment Palisade Wall x1 |
| 14:04 | JoeSham · first_building Archery Range |
| 15:05 | JoeSham · wall_segment Palisade Wall x1 |
| 17:04 | Scol1ng · first_market_sell 100 food |
| 17:07 | Scol1ng · first_market_buy 100 stone |
| 17:11 | Scol1ng · age_up castle |
| 17:25 | Scol1ng · first_building Castle |
| 18:54 | Scol1ng · first_building Siege Workshop |
| 19:03 | JoeSham · age_up castle |
| 19:48 | JoeSham · first_building Siege Workshop |
| 28:47 | JoeSham · first_building Monastery |
| 29:00 | Scol1ng · first_building Monastery |
| 31:22 | Scol1ng · first_building Barracks |
| 33:27 | JoeSham · age_up imperial |
| 33:39 | JoeSham · first_building Castle |
| 34:35 | Scol1ng · first_building Archery Range |
| 39:18 | Scol1ng · age_up imperial |
| 43:16 | JoeSham · first_building Stable |
| 44:10 | Scol1ng · first_building Stable |
[ AI ANALYSIS · 1 CREDIT ]
What really happened in this match?
Wolo.gg analyzes every decision: build order, eco, micro, common mistakes by bracket. Personalized analysis on WhatsApp or Discord in 30 seconds.
Civ guide
Japanese
Perfil
Jugador #6003640